[Event "Titled Tuesday Blitz March 15 Early 2022"]
[White "De Souza, Cristiano Gomes"]
[Black "Van den Dikkenberg, Erik"]
[WhiteFideId "2151758"]
[BlackFideId "1005880"]
[WhiteElo "2068"]
[BlackElo "2118"]
[Result "1-0"]
[Round "05"]
[TimeControl "180+1"]
[Date "2022.03.15"]
[WhiteClock "0:01:31"]
[BlackClock "0:00:38"]

1. d4 Nf6 2. c4 g6 3. Nc3 Bg7 4. e4 d6 5. Nf3 O-O 6. Be2 e5 7. O-O Nc6 8. d5 Ne7 9. Ne1 Nd7 10. Be3 f5 11. f3 f4 12. Bf2 g5 13. Nb5 Nf6 14. Nxa7 Bd7 15. Nd3 h5 16. c5 Rxa7 17. cxd6 Ra8 18. dxe7 Qxe7 19. Bc5 Qf7 20. Bxf8 Bxf8 21. Nxe5 Qe7 22. Nxd7 Nxd7 23. Rc1 Rxa2 24. Rxc7 Rxb2 25. d6 Qg7 26. Bc4+ Kh8 27. Be6 g4 28. Rxd7 Rxg2+ 29. Kxg2 gxf3+ 30. Kxf3 Qc3+ 31. Kg2 Bh6 32. Qxh5 Qc2+ 33. Kh3 1-0


[Site "https://www.chess.com"]

[Event "Titled Tuesday Blitz March 15 Early 2022"]
[White "Devaev, Alexander"]
[Black "Cavanah, Troy"]
[WhiteFideId "4169395"]
[BlackFideId "30949670"]
[WhiteElo "2185"]
[BlackElo "1878"]
[Result "1-0"]
[Round "05"]
[TimeControl "180+1"]
[Date "2022.03.15"]
[WhiteClock "0:00:09"]
[BlackClock "0:00:02"]

1. Nf3 d5 2. c4 dxc4 3. e3 Nf6 4. Bxc4 e6 5. O-O Bd6 6. b3 Nbd7 7. Bb2 b6 8. d4 Bb7 9. Nbd2 c5 10. Qe2 cxd4 11. Nxd4 O-O 12. Rfd1 a6 13. N2f3 Qe7 14. Rac1 b5 15. Bd3 Rac8 16. Bb1 Nb6 17. h3 Rfd8 18. e4 Bf4 19. Rxc8 Rxc8 20. e5 Nfd7 21. g3 Bh6 22. Be4 Nd5 23. Nf5 exf5 24. Bxd5 Bxd5 25. Rxd5 g6 26. Qd3 Nf8 27. Rd6 Bg7 28. Rxa6 Qb7 29. Rd6 Ne6 30. h4 h6 31. h5 Qe4 32. hxg6 Qxd3 33. gxf7+ Kxf7 34. Rxd3 Rc2 35. Rd2 Rxd2 36. Nxd2 Nc5 37. f4 Nd3 38. Ba3 b4 39. Bxb4 Nxb4 40. a4 Bf8 41. Kf2 Bc5+ 42. Ke2 Ke6 43. Nf3 Nc2 44. Nh4 Nd4+ 45. Kf1 Nxb3 46. Ng6 Bb6 47. Nf8+ Kf7 48. Nd7 Bd4 49. Nb8 Nc5 50. Nc6 Be3 51. a5 1-0


[Site "https://www.chess.com"]

[Event "Titled Tuesday Blitz March 15 Early 2022"]
[White "Dixit, Nikhil"]
[Black "Thavandiran, Shiyam"]
[WhiteFideId "5059534"]
[BlackFideId "2605058"]
[WhiteElo "2223"]
[BlackElo "2357"]
[Result "0-1"]
[Round "05"]
[TimeControl "180+1"]
[Date "2022.03.15"]
[WhiteClock "0:00:07"]
[BlackClock "0:00:08"]

1. e4 c6 2. Nc3 d5 3. Nf3 dxe4 4. Nxe4 Nf6 5. Qe2 Nxe4 6. Qxe4 Nd7 7. Bc4 Nf6 8. Ne5 e6 9. Qe2 b5 10. Bd3 Qc7 11. b3 Bd6 12. Bb2 Nd5 13. g3 O-O 14. f4 Nb4 15. a3 Nxd3+ 16. Nxd3 c5 17. O-O-O c4 18. bxc4 bxc4 19. Ne5 Rb8 20. Nxc4 Ba6 21. d3 Bxc4 22. dxc4 Rb6 23. Bc3 Bxa3+ 24. Kd2 Rc6 25. Qe5 Qxe5 26. Bxe5 Rxc4 27. Ra1 Bb4+ 28. c3 f6 29. cxb4 fxe5 30. Rxa7 exf4 31. gxf4 Rxb4 32. Rg1 g6 33. h4 Rb5 34. Ke3 Rb3+ 35. Ke2 Rxf4 36. h5 Rh4 37. hxg6 Rh2+ 38. Kd1 Rb1# 0-1


[Site "https://www.chess.com"]

[Event "Titled Tuesday Blitz March 15 Early 2022"]
[White "Eggleston, Thomas A"]
[Black "Zong, Davis"]
[WhiteFideId "412139"]
[BlackFideId "30903955"]
[WhiteElo "2174"]
[BlackElo "2061"]
[Result "0-1"]
[Round "05"]
[TimeControl "180+1"]
[Date "2022.03.15"]
[WhiteClock "0:01:03"]
[BlackClock "0:00:25"]

1. e4 e5 2. Nf3 Nc6 3. d4 exd4 4. Nxd4 Bc5 5. Nxc6 Qf6 6. Qd2 dxc6 7. Bd3 Ne7 8. Nc3 O-O 9. Na4 Bd6 10. f4 Qh4+ 11. g3 Qh3 12. e5 Nd5 13. Bf1 Qe6 14. Kf2 Be7 15. c4 Nb6 16. Nxb6 axb6 17. b4 f6 18. exf6 Bxf6 19. Rb1 Qe4 20. Bg2 Qxb1 21. b5 Rxa2 22. Bb2 Qxb2 0-1


[Site "https://www.chess.com"]

[Event "Titled Tuesday Blitz March 15 Early 2022"]
[White "Esipenko, Andrey"]
[Black "Deac, Bogdan-Daniel"]
[WhiteFideId "24175439"]
[BlackFideId "1226380"]
[WhiteElo "2963"]
[BlackElo "3036"]
[Result "0-1"]
[Round "05"]
[TimeControl "180+1"]
[Date "2022.03.15"]
[WhiteClock "0:00:01"]
[BlackClock "0:00:03"]

1. e4 c5 2. Nf3 d6 3. d4 cxd4 4. Nxd4 Nf6 5. Nc3 a6 6. Be3 e5 7. Nb3 Be6 8. f3 h5 9. Qd2 Nbd7 10. Nd5 Bxd5 11. exd5 g6 12. O-O-O Nb6 13. Kb1 Nbxd5 14. Bg5 Be7 15. c4 Nf4 16. Bxf4 exf4 17. Qxf4 Qc7 18. Bd3 O-O-O 19. Rhe1 Rhe8 20. Rc1 Kb8 21. Qd4 Nd7 22. Be4 Bf6 23. Qd2 Nc5 24. Bd5 Na4 25. Rc2 Rxe1+ 26. Qxe1 Nb6 27. Qe4 Nxd5 28. Qxd5 Re8 29. a3 Qb6 30. Ka2 Re3 31. c5 dxc5 32. Nxc5 Ka7 33. Qxf7 Re7 34. Qxg6 Rc7 35. Qf5 Bd4 36. Na4 Qd6 37. Rxc7 Qxc7 38. Qd5 Bg1 39. h4 Qc2 40. Nc3 Qxg2 41. Qxh5 Bd4 42. Qd5 Qd2 43. h5 Qe3 44. Ne4 Bb6 45. Qe6 Qxf3 46. h6 Qd3 47. Nf6 Bd4 48. Qd6 Qd2 0-1


[Site "https://www.chess.com"]

[Event "Titled Tuesday Blitz March 15 Early 2022"]
[White "Farmani Anosheh, Armin"]
[Black "Shkapenko, Pavel"]
[WhiteFideId "24613240"]
[BlackFideId "4151933"]
[WhiteElo "2289"]
[BlackElo "2386"]
[Result "1/2-1/2"]
[Round "05"]
[TimeControl "180+1"]
[Date "2022.03.15"]
[WhiteClock "0:00:07"]
[BlackClock "0:00:13"]

1. d4 Nf6 2. c4 e6 3. Nf3 Bb4+ 4. Nbd2 d5 5. a3 Be7 6. g3 b6 7. Bg2 Bb7 8. Ne5 O-O 9. O-O c5 10. dxc5 Bxc5 11. Nd3 Be7 12. Nf4 Na6 13. b4 Rb8 14. Bb2 dxc4 15. Nxc4 Bxg2 16. Kxg2 Qc8 17. Qb3 Qb7+ 18. Qf3 Ne4 19. Rfd1 Rfd8 20. Nh5 Bf8 21. h4 f5 22. Nf4 Qf7 23. Ne5 Qe8 24. Qb3 Nc7 25. f3 Nf6 26. Rac1 Ncd5 27. Rd3 Nxf4+ 28. gxf4 Rxd3 29. Nxd3 Nd5 30. Bd4 Rd8 31. Bf2 Qg6+ 32. Kh3 Qh6 33. Qc4 Qf6 34. Rg1 h6 35. Ne5 Bd6 36. Qd4 Nxf4+ 37. Qxf4 Bxe5 38. Qc1 f4 39. Qc2 Qf5+ 40. Qxf5 exf5 41. Rg6 Rd2 42. Kg2 Rxe2 43. Kf1 Ra2 44. Rc6 Rxa3 45. Rc8+ Kh7 46. b5 Ra5 47. Ra8 Kg6 48. Kg2 Rxb5 49. Rxa7 Rb2 50. Kf1 Kh5 51. Re7 Bf6 52. Rd7 g6 53. Rd6 Be7 54. Re6 Bc5 55. Be1 Rh2 56. Rc6 Rh3 57. Ke2 Rh2+ 58. Kf1 Rb2 59. Re6 g5 60. hxg5 hxg5 61. Rf6 g4 62. Rxf5+ Kg6 63. fxg4 Rb1 64. Rxf4 Kg5 65. Re4 Bd6 66. Kg2 Rb2+ 67. Kf3 Rb3+ 68. Re3 Rxe3+ 69. Kxe3 Kxg4 70. Kd3 Kf5 71. Kc4 Bc5 72. Kb5 Ke6 73. Ba5 bxa5 74. Kxa5 1/2-1/2


[Site "https://www.chess.com"]

[Event "Titled Tuesday Blitz March 15 Early 2022"]
[White "Fathy, Elameir"]
[Black "Miszler, Levente"]
[WhiteFideId "10600396"]
[BlackFideId "763276"]
[WhiteElo "2311"]
[BlackElo "1966"]
[Result "0-1"]
[Round "05"]
[TimeControl "180+1"]
[Date "2022.03.15"]
[WhiteClock "0:00:35"]
[BlackClock "0:01:00"]

1. d4 e6 2. c4 Nf6 3. Nf3 d5 4. g3 Be7 5. Bg2 O-O 6. O-O c6 7. Nbd2 Nbd7 8. Qc2 b6 9. e4 dxe4 10. Nxe4 Nxe4 11. Qxe4 Bb7 12. Rd1 Nf6 13. Qe2 Rc8 14. Bf4 Bd6 15. Ne5 Qc7 16. c5 Bxe5 17. Bxe5 Qd7 18. Bxf6 gxf6 19. Qg4+ Kh8 20. b4 f5 21. Qf4 Qc7 22. Qh6 Qe7 23. Re1 Rg8 24. Qf4 Qf6 25. b5 Rgd8 26. Rad1 Ba8 27. cxb6 axb6 28. Re5 cxb5 29. Bxa8 Rxa8 30. Rxb5 Rxa2 31. Rxb6 Ra4 32. Rd6 Raa8 33. Qe5 Qxe5 34. dxe5 Rdc8 35. Rd7 Kg8 36. Re7 Re8 37. Rdd7 Rxe7 38. Rxe7 Ra2 39. Kg2 Re2 40. Kf3 Rxe5 41. Kf4 Re4+ 42. Kg5 Kg7 43. f3 Re2 44. h4 h6+ 45. Kf4 Kf6 0-1


[Site "https://www.chess.com"]

[Event "Titled Tuesday Blitz March 15 Early 2022"]
[White "Fernandez Guillen, Ernesto J."]
[Black "Bettalli, Francesco"]
[WhiteFideId "3512428"]
[BlackFideId "2816453"]
[WhiteElo "2380"]
[BlackElo "2216"]
[Result "1/2-1/2"]
[Round "05"]
[TimeControl "180+1"]
[Date "2022.03.15"]
[WhiteClock "0:00:11"]
[BlackClock "0:00:17"]

1. e4 e5 2. Nf3 Nf6 3. d4 Nxe4 4. Nxe5 d6 5. Nf3 Be7 6. Bd3 d5 7. O-O O-O 8. c4 c6 9. Nc3 f5 10. Ne5 Be6 11. f3 Nxc3 12. bxc3 Nd7 13. Re1 Nxe5 14. Rxe5 dxc4 15. Rxe6 cxd3 16. Qxd3 Qd7 17. Qc4 Kh8 18. Bf4 Rae8 19. Rae1 Bf6 20. Qb3 h6 21. h3 g5 22. Bd6 Rxe6 23. Rxe6 Rf7 24. Qc4 Kg7 25. Qe2 b6 26. g4 fxg4 27. hxg4 c5 28. d5 Bxc3 29. Be5+ Bxe5 30. Qxe5+ Kh7 31. Qe4+ Kg8 32. Qg6+ Kf8 33. Qxh6+ Rg7 34. d6 Kg8 35. Qf6 c4 36. Re7 Rxe7 37. dxe7 Qd1+ 38. Kh2 Qe2+ 39. Kh3 Qf1+ 40. Kg3 Qg1+ 41. Kh3 Qh1+ 42. Kg3 Qg1+ 43. Kh3 Qh1+ 44. Kg3 Qg1+ 1/2-1/2


[Site "https://www.chess.com"]

[Event "Titled Tuesday Blitz March 15 Early 2022"]
[White "Fier, Alexandr"]
[Black "Coto Mederos, Michel"]
[WhiteFideId "2107139"]
[BlackFideId "3508528"]
[WhiteElo "2571"]
[BlackElo "2427"]
[Result "1-0"]
[Round "05"]
[TimeControl "180+1"]
[Date "2022.03.15"]
[WhiteClock "0:01:00"]
[BlackClock "0:00:05"]

1. d4 d5 2. c4 e6 3. Nc3 Nf6 4. Nf3 Be7 5. Bf4 O-O 6. e3 b6 7. cxd5 exd5 8. Bd3 Bb7 9. O-O c5 10. Ne5 Nc6 11. Nxc6 Bxc6 12. Rc1 c4 13. Bb1 b5 14. Ne2 b4 15. Ng3 Bd6 16. Bg5 h6 17. Bh4 g5 18. Nf5 gxh4 19. Nxh6+ Kg7 20. Nf5+ Kh8 21. Qf3 Rg8 22. Qh3 Ng4 23. Nxh4 Kg7 24. Qxg4+ Kf8 25. Qh5 Qf6 26. g3 Rh8 27. Qf5 Be7 28. Qxf6 Bxf6 29. Nf3 Bd7 30. e4 Bg4 31. Ne5 Bxe5 32. dxe5 d4 33. Rxc4 Be2 34. Rxd4 Bxf1 35. Kxf1 Rxh2 36. Kg1 Rh6 37. Rxb4 Rc8 38. Bd3 Rc1+ 39. Kg2 Rd1 40. Bc4 Rb6 41. Rxb6 axb6 42. b3 Rd2 43. a4 Ke7 44. Kf3 Rb2 45. Ke3 Rc2 46. f4 Rg2 47. Kf3 Rc2 48. Kg4 Rc3 49. f5 Re3 50. Kf4 Re1 51. g4 Kf8 52. e6 fxe6 53. Bxe6 Rf1+ 54. Ke5 Re1 55. g5 Rg1 56. Kf6 Ke8 57. g6 Kd8 58. g7 Kc7 59. g8=Q Rxg8 60. Bxg8 1-0


[Site "https://www.chess.com"]

[Event "Titled Tuesday Blitz March 15 Early 2022"]
[White "Fiorito, Fabian"]
[Black "Quirke, Jeffrey"]
[WhiteFideId "100200"]
[BlackFideId "2013029"]
[WhiteElo "2395"]
[BlackElo "2250"]
[Result "1-0"]
[Round "05"]
[TimeControl "180+1"]
[Date "2022.03.15"]
[WhiteClock "0:02:04"]
[BlackClock "0:00:16"]

1. d4 d5 2. Nc3 Nf6 3. Bf4 e6 4. Nb5 Na6 5. e3 c6 6. Nc3 Nc7 7. Nf3 Bd6 8. Ne5 O-O 9. g4 Nce8 10. Bd3 Nd7 11. g5 Bxe5 12. dxe5 Qc7 13. Qh5 g6 14. Qh6 Ng7 15. h4 Nxe5 16. Bxe5 Qxe5 17. h5 Nf5 18. Bxf5 gxf5 19. g6 fxg6 20. hxg6 Qg7 21. gxh7+ Kh8 22. Qh2 Bd7 23. Rg1 Qxh7 24. Qe5+ 1-0


[Site "https://www.chess.com"]

[Event "Titled Tuesday Blitz March 15 Early 2022"]
[White "Flis, Pawel"]
[Black "Manon-og, Ramon Jr."]
[WhiteFideId "1112864"]
[BlackFideId "5200776"]
[WhiteElo "1735"]
[BlackElo "2271"]
[Result "1-0"]
[Round "05"]
[TimeControl "180+1"]
[Date "2022.03.15"]
[WhiteClock "0:01:40"]
[BlackClock "0:00:03"]

1. e4 e5 2. d4 Bb4+ 3. c3 Ba5 4. dxe5 Nc6 5. Bc4 Nge7 6. f4 Ng6 7. Nf3 O-O 8. O-O a6 9. a4 b6 10. Be3 Qe8 11. b4 Bb7 12. bxa5 bxa5 13. Bd5 Nce7 14. Bxb7 Rb8 15. Bxa6 Rb7 16. Bxb7 Nc6 17. Bxc6 dxc6 18. Nbd2 Ne7 19. Nc4 Kh8 20. Nxa5 Kg8 21. Rb1 Kh8 22. f5 Kg8 23. Bc5 Nc8 24. Bxf8 Qxf8 25. Nxc6 Nb6 26. Rxb6 cxb6 27. Qd8 1-0


[Site "https://www.chess.com"]

[Event "Titled Tuesday Blitz March 15 Early 2022"]
[White "Gaehwiler, Gabriel"]
[Black "Xiong, Jeffery"]
[WhiteFideId "1314530"]
[BlackFideId "2047640"]
[WhiteElo "2824"]
[BlackElo "2993"]
[Result "1/2-1/2"]
[Round "05"]
[TimeControl "180+1"]
[Date "2022.03.15"]
[WhiteClock "0:00:05"]
[BlackClock "0:00:44"]

1. d4 d5 2. c4 e6 3. Nf3 Nf6 4. g3 dxc4 5. Bg2 c6 6. O-O b5 7. Ne5 Bb7 8. a4 Qb6 9. b3 cxb3 10. Qxb3 Bd6 11. Bb2 bxa4 12. Qc2 Qb3 13. Qc1 c5 14. Nc4 Bc7 15. Ra3 Qb4 16. Bc3 Qb5 17. Bxb7 Qxb7 18. dxc5 Nbd7 19. Bxf6 Nxf6 20. Rxa4 Qc6 21. Qa3 O-O 22. Nc3 Nd7 23. Ra6 Qxc5 24. Qxc5 Nxc5 25. Rc6 Bb6 26. Nxb6 axb6 27. Rxb6 Ra3 28. Nd1 Ra2 29. Re1 h6 30. Ne3 Ne4 31. Rb4 Nc3 32. Kf1 Rd8 33. Rc4 Nb5 34. Rc5 Rb2 35. Nc4 Rb4 36. Ne3 Rd2 37. Rc8+ Kh7 38. Rb8 Rdb2 39. Nd1 Rb1 40. Rb7 Nd4 41. Rxb4 Rxb4 42. Ne3 Rb2 43. Nc4 Rc2 44. Ne3 Ra2 45. Nc4 h5 46. Ne5 f6 47. Nf3 Nf5 48. Rd1 e5 49. e3 Nh6 50. h3 Nf7 51. Rd7 Kg8 52. Rc7 e4 53. Nd4 Ng5 54. Kg2 1/2-1/2


[Site "https://www.chess.com"]

[Event "Titled Tuesday Blitz March 15 Early 2022"]
[White "Garagulya, Konstantin"]
[Black "Nagy, Gabor"]
[WhiteFideId "4128931"]
[BlackFideId "737119"]
[WhiteElo "2329"]
[BlackElo "2534"]
[Result "0-1"]
[Round "05"]
[TimeControl "180+1"]
[Date "2022.03.15"]
[WhiteClock "0:00:02"]
[BlackClock "0:00:50"]

1. d4 g6 2. e4 Bg7 3. Nf3 d6 4. Bc4 Nf6 5. e5 dxe5 6. Nxe5 O-O 7. O-O c5 8. dxc5 Qc7 9. Nd3 Nbd7 10. Be3 b6 11. Nd2 Nxc5 12. Nxc5 Ng4 13. g3 Nxe3 14. fxe3 Qxc5 15. Qf3 Bh3 16. Rf2 Be6 17. Qe4 Bf5 18. Qd5 Qxd5 19. Bxd5 Rad8 20. e4 Bxb2 21. Raf1 Bd4 22. Kg2 Bxf2 23. Rxf2 Bd7 24. Nf3 e6 25. Bb7 Rb8 26. Ba6 Bc6 27. Bd3 f6 28. g4 e5 29. Kg3 Kg7 30. h4 Rbd8 31. g5 fxg5 32. hxg5 Rde8 33. Rh2 Bd7 34. Rh4 Rf4 35. Rh2 Rg4+ 36. Kf2 Be6 37. Ke3 Bxa2 38. Rh1 Rg3 39. Kf2 Rg4 40. Ra1 Bf7 41. Rxa7 Kf8 42. Rb7 Re6 43. Bc4 Re7 44. Rb8+ Kg7 45. Bd3 h5 0-1


[Site "https://www.chess.com"]

[Event "Titled Tuesday Blitz March 15 Early 2022"]
[White "Gontcharov, Vladislav"]
[Black "Samunenkov, Ihor"]
[WhiteFideId "4123492"]
[BlackFideId "14187086"]
[WhiteElo "2503"]
[BlackElo "2409"]
[Result "0-1"]
[Round "05"]
[TimeControl "180+1"]
[Date "2022.03.15"]
[WhiteClock "0:00:02"]
[BlackClock "0:00:02"]

1. d4 Nf6 2. c4 e6 3. Nc3 Bb4 4. e3 O-O 5. Ne2 Re8 6. a3 Bf8 7. Ng3 d5 8. Bd3 b6 9. cxd5 exd5 10. O-O Ba6 11. Bxa6 Nxa6 12. b4 c5 13. dxc5 bxc5 14. b5 Nc7 15. a4 d4 16. exd4 cxd4 17. Nce2 Ne6 18. Qd3 Qd5 19. Rd1 Rad8 20. Nf4 Nxf4 21. Bxf4 g6 22. a5 Bc5 23. Rab1 Re6 24. Bc7 Rde8 25. b6 axb6 26. axb6 Qb7 27. Qb5 Bd6 28. Qc4 Rc8 29. Rbc1 Bxg3 30. hxg3 Rxb6 31. Qxd4 Re6 32. Be5 Rxc1 33. Rxc1 Ne8 34. Bf4 Qe4 35. Qd8 Kg7 36. Rc8 Qe1+ 37. Kh2 Qxf2 38. Qa5 Qb2 39. Qg5 Re2 40. Qh6+ Kg8 41. Kh3 Qf6 0-1


[Site "https://www.chess.com"]

[Event "Titled Tuesday Blitz March 15 Early 2022"]
[White "Goriatchkin, Jouri"]
[Black "P., Komal Kishore"]
[WhiteFideId "4120183"]
[BlackFideId "5016703"]
[WhiteElo "966"]
[BlackElo "2122"]
[Result "0-1"]
[Round "05"]
[TimeControl "180+1"]
[Date "2022.03.15"]
[WhiteClock "0:00:04"]
[BlackClock "0:01:14"]

1. d4 d5 2. c4 c6 3. e3 Nf6 4. Nc3 Bf5 5. cxd5 cxd5 6. Qb3 Qb6 7. Qxb6 axb6 8. Nf3 e6 9. Bb5+ Nc6 10. O-O Bd6 11. a3 O-O 12. Bd2 Rfc8 13. Rac1 Na5 14. Na4 Rxc1 15. Rxc1 Nb3 16. Rc3 Nxd2 17. Nxd2 Ra5 18. Rc8+ Bf8 19. Nxb6 Rxb5 20. Na4 e5 21. Rc1 exd4 22. exd4 h6 23. Nc3 Rxb2 24. Nf3 Rc2 25. Rxc2 Bxc2 26. Ne5 Bxa3 27. Nb5 Bb2 28. Kf1 Ng4 29. h3 Nxe5 30. Ke2 0-1


[Site "https://www.chess.com"]

[Event "Titled Tuesday Blitz March 15 Early 2022"]
[White "Goryachkina, Aleksandra"]
[Black "Babazada, Khazar"]
[WhiteFideId "4147103"]
[BlackFideId "13413554"]
[WhiteElo "2426"]
[BlackElo "2418"]
[Result "0-1"]
[Round "05"]
[TimeControl "180+1"]
[Date "2022.03.15"]
[WhiteClock "0:00:01"]
[BlackClock "0:00:10"]

1. e4 Nf6 2. e5 Nd5 3. d4 d6 4. Nf3 Nb6 5. Be2 g6 6. O-O Bg7 7. exd6 cxd6 8. h3 O-O 9. c4 Bf5 10. Nc3 Nc6 11. Be3 d5 12. c5 Nc4 13. Bxc4 dxc4 14. d5 Nb4 15. a3 Nc2 16. Rc1 Nxe3 17. fxe3 Bd3 18. Re1 a5 19. Qd2 Qc7 20. b4 axb4 21. axb4 b6 22. c6 b5 23. Nxb5 Qb6 24. Nbd4 Rfd8 25. Ra1 Rxa1 26. Rxa1 Be4 27. b5 Qc5 28. Qa5 Qxd5 29. b6 Qd6 30. c7 Rf8 31. Rc1 e5 32. Nb5 Qc5 33. Kf2 Bh6 34. Rc3 f5 35. Nd2 Bd5 36. Qa6 f4 37. Ke2 fxe3 38. Nf3 e4 39. Ne1 Qb4 40. c8=Q Qb2+ 41. Rc2 Qf6 42. Qxf8+ Bxf8 43. Qc8 Qf2+ 44. Kd1 e2+ 45. Rxe2 Qxb6 46. Rd2 Qxb5 47. Qd8 Bf7 48. Nc2 c3 49. Rd4 Qf1+ 50. Ne1 Bb3+ 51. Kc1 Qxe1+ 0-1


[Site "https://www.chess.com"]

[Event "Titled Tuesday Blitz March 15 Early 2022"]
[White "Gubanov, Oleg"]
[Black "Vokarev, Sergey"]
[WhiteFideId "14115115"]
[BlackFideId "4119711"]
[WhiteElo "2080"]
[BlackElo "2398"]
[Result "0-1"]
[Round "05"]
[TimeControl "180+1"]
[Date "2022.03.15"]
[WhiteClock "0:00:20"]
[BlackClock "0:01:20"]

1. e4 c5 2. Nf3 Nc6 3. c3 d5 4. exd5 Qxd5 5. d4 Bf5 6. Be2 cxd4 7. cxd4 Bxb1 8. Rxb1 e6 9. a3 Nf6 10. O-O Bd6 11. Be3 O-O 12. h3 Rfd8 13. b4 h6 14. b5 Ne7 15. a4 Nf5 16. Qb3 Rac8 17. Rfd1 Qxb3 18. Rxb3 Nd5 19. g4 Nfe7 20. Nd2 Nc3 21. Bf3 Nxd1 22. Bxd1 Rc1 23. Rb1 Rdc8 24. Kf1 Rxb1 25. Nxb1 Nd5 26. Bd2 Bf4 27. Ke2 Rc4 28. Kd3 Rc7 29. Bf3 Bxd2 30. Nxd2 Rc3+ 31. Ke2 Ra3 32. Nc4 Nf4+ 0-1


[Site "https://www.chess.com"]

[Event "Titled Tuesday Blitz March 15 Early 2022"]
[White "Gulecyuz, Deniz"]
[Black "Petrova, Irina"]
[WhiteFideId "30921341"]
[BlackFideId "14124122"]
[WhiteElo "1923"]
[BlackElo "1993"]
[Result "1-0"]
[Round "05"]
[TimeControl "180+1"]
[Date "2022.03.15"]
[WhiteClock "0:00:04"]
[BlackClock "0:00:03"]

1. Nf3 d6 2. g3 e5 3. Bg2 Nc6 4. d3 f5 5. c4 Nf6 6. Nc3 g6 7. O-O Bg7 8. Rb1 a5 9. a3 O-O 10. b4 axb4 11. axb4 h6 12. b5 Ne7 13. Qb3 Be6 14. Rd1 g5 15. Ne1 c6 16. Nc2 f4 17. d4 Qe8 18. Ba3 Nf5 19. dxe5 dxe5 20. Bxf8 Bxf8 21. bxc6 bxc6 22. Qb7 Rc8 23. Ne4 Nxe4 24. Bxe4 Qh5 25. Bf3 g4 26. Bxc6 Nd6 27. Qa6 Nxc4 28. Bg2 Re8 29. Bd5 Bxd5 30. Rxd5 f3 31. Qxc4 Qh3 32. Ne3 Kh8 33. exf3 gxf3 34. Rb7 Rc8 35. Qf1 Qe6 36. Rdd7 Bc5 37. Qb1 1-0


[Site "https://www.chess.com"]

[Event "Titled Tuesday Blitz March 15 Early 2022"]
[White "Gurevich, Dmitry"]
[Black "Urazayev, Arystanbek"]
[WhiteFideId "2000407"]
[BlackFideId "13709810"]
[WhiteElo "2506"]
[BlackElo "2393"]
[Result "1-0"]
[Round "05"]
[TimeControl "180+1"]
[Date "2022.03.15"]
[WhiteClock "0:00:06"]
[BlackClock "0:00:28"]

1. d4 Nf6 2. c4 g6 3. Nc3 d5 4. Nf3 Bg7 5. cxd5 Nxd5 6. Bd2 Nb6 7. Bg5 O-O 8. Rc1 Bg4 9. e3 Nc6 10. Be2 h6 11. Bh4 Qe8 12. h3 Bxf3 13. Bxf3 e5 14. d5 Na5 15. O-O Nac4 16. Qc2 Nd6 17. a4 a5 18. b3 f5 19. Bg3 Rf7 20. Rfd1 Kh7 21. Be2 Qe7 22. Nb5 Nxb5 23. Bxb5 Nc8 24. f3 Nd6 25. Bf1 e4 26. f4 b6 27. Qc6 Rd8 28. Be2 Bb2 29. Rc2 Ba3 30. Ra1 Bb4 31. Rac1 Ba3 32. Ra1 Bc5 33. Rxc5 bxc5 34. Qxc5 Ra8 35. Rc1 Qd8 36. Be1 Qb8 37. Bd1 Qa7 38. Qxa7 Rxa7 39. Rc5 Nb7 40. Rb5 Rd7 41. Be2 Kg7 42. Bc3+ Kf8 43. Bd4 Nd6 44. Rb8+ Kf7 45. Bxa7 g5 46. Bc5 gxf4 47. exf4 Kg6 48. Bxd6 Rxd6 49. Rb5 c6 50. dxc6 Rxc6 51. Bc4 Rd6 52. Rxa5 Rd2 53. Re5 Kh5 54. g3 Kg6 55. a5 Ra2 56. a6 h5 57. h4 Kf6 58. Kf1 Kg7 59. Rxf5 e3 60. Re5 Kf6 61. Rxe3 Kf5 62. Ke1 Kg4 63. Kd1 Kh3 64. Kc1 Ra5 65. Kb2 Kg2 66. Re1 Kh3 67. Ra1 Rf5 68. a7 Rf8 69. a8=Q 1-0


[Site "https://www.chess.com"]

[Event "Titled Tuesday Blitz March 15 Early 2022"]
[White "Guseva, Marina"]
[Black "Maksimovic, Bojan"]
[WhiteFideId "4149351"]
[BlackFideId "14408120"]
[WhiteElo "2160"]
[BlackElo "2448"]
[Result "1-0"]
[Round "05"]
[TimeControl "180+1"]
[Date "2022.03.15"]
[WhiteClock "0:00:09"]
[BlackClock "0:00:33"]

1. d4 g6 2. Nf3 Bg7 3. Bf4 d6 4. e3 Nd7 5. h3 e5 6. Bh2 Nh6 7. Nc3 O-O 8. a4 f5 9. Bc4+ Kh8 10. dxe5 dxe5 11. O-O a5 12. Bg3 e4 13. Bh4 Bf6 14. Bxf6+ Qxf6 15. Nd5 Qd6 16. Qd4+ Nf6 17. Ng5 c6 18. Nb6 Qxd4 19. exd4 Rb8 20. Rae1 Nhg8 21. f3 h6 22. Nf7+ Kg7 23. Nd6 exf3 24. Nbxc8 fxg2 25. Kxg2 Rbxc8 26. Nxc8 Rxc8 27. Bxg8 Kxg8 28. Re6 Kf7 29. Rfe1 Ne4 30. Re5 b6 31. c3 Kf6 32. Rf1 Nd6 33. Rfe1 Ne4 34. Rf1 Nd6 35. Re2 Rd8 36. b3 g5 37. Re5 f4 38. Rfe1 c5 39. Re6+ Kg7 40. dxc5 bxc5 41. Rd1 Nf7 42. Rxd8 Nxd8 43. Ra6 h5 44. Rxa5 Ne6 45. Ra6 Kf6 46. Rc6 g4 47. hxg4 hxg4 48. a5 Ke5 49. Rxe6+ Kxe6 50. a6 f3+ 51. Kg3 1-0


[Site "https://www.chess.com"]

[Event "Titled Tuesday Blitz March 15 Early 2022"]
[White "Hambleton, Aman"]
[Black "Yedidia, Daniel"]
[WhiteFideId "2606577"]
[BlackFideId "30905907"]
[WhiteElo "2552"]
[BlackElo "2480"]
[Result "1-0"]
[Round "05"]
[TimeControl "180+1"]
[Date "2022.03.15"]
[WhiteClock "0:00:03"]
[BlackClock "0:00:02"]

1. d4 Nf6 2. c4 e6 3. Nc3 Bb4 4. Qc2 c5 5. dxc5 O-O 6. a3 Bxc5 7. Nf3 b6 8. Bf4 Bb7 9. Rd1 d5 10. cxd5 exd5 11. e3 Qe7 12. Bd3 Nbd7 13. b4 Bd6 14. Bxd6 Qxd6 15. Nb5 Qe7 16. Qc7 Ba6 17. O-O Rfc8 18. Qf4 Nf8 19. Nfd4 Ng6 20. Qg3 Bxb5 21. Bxb5 a6 22. Bd3 Rc3 23. Nf5 Qe5 24. Qxe5 Nxe5 25. Bb1 Rxa3 26. Ne7+ Kf8 27. Nxd5 Nxd5 28. Rxd5 f6 29. Rd6 Rb8 30. h3 Rb3 31. Bxh7 Rxb4 32. Ra1 a5 33. Bf5 Kf7 34. f4 Nc4 35. Rd7+ Kf8 36. Bg6 Nxe3 37. Re1 Rb3 38. Kf2 Nc2 39. Ree7 Nb4 40. Rf7+ Kg8 41. Rxg7+ Kh8 42. Rh7+ Kg8 43. Rdg7+ Kf8 44. Rf7+ Kg8 45. f5 Nd3+ 46. Kg1 Rb1+ 47. Kh2 Ne5 48. Rfg7+ Kf8 49. Ra7 Kg8 50. h4 Rd8 51. Rhg7+ Kf8 52. h5 Nxg6 53. fxg6 Rd4 54. Raf7+ Ke8 55. Rg8# 1-0


[Site "https://www.chess.com"]

[Event "Titled Tuesday Blitz March 15 Early 2022"]
[White "Harikrishna, Pentala"]
[Black "Nenezic, Marko"]
[WhiteFideId "5007003"]
[BlackFideId "912123"]
[WhiteElo "2574"]
[BlackElo "2457"]
[Result "1/2-1/2"]
[Round "05"]
[TimeControl "180+1"]
[Date "2022.03.15"]
[WhiteClock "0:00:02"]
[BlackClock "0:00:18"]

1. d4 Nf6 2. Nf3 g6 3. Bg5 Bg7 4. Nbd2 O-O 5. c3 d6 6. e4 Qe8 7. Bd3 h6 8. Bh4 e5 9. O-O Nc6 10. Re1 Nh5 11. dxe5 dxe5 12. a4 Bf6 13. Bxf6 Nxf6 14. Nc4 Kg7 15. b4 Bg4 16. h3 Bxf3 17. Qxf3 Rd8 18. Red1 Qe7 19. Ne3 Nb8 20. Bc4 c6 21. a5 Rfe8 22. Bb3 Nbd7 23. Rd3 Nf8 24. Rad1 Rxd3 25. Rxd3 Rd8 26. Rxd8 Qxd8 27. Nc4 Qb8 28. Qd3 Ne8 29. h4 h5 30. Qg3 Nd7 31. Ne3 Kf8 32. Qg5 Qd6 33. Qh6+ Ke7 34. Qg5+ Qf6 35. Qxf6+ Nexf6 36. f3 b5 37. axb6 axb6 38. Kf2 b5 39. Nf1 Ne8 40. c4 bxc4 41. Bxc4 Nd6 42. Nd2 c5 43. bxc5 Nxc5 44. Ke3 f5 45. Bd5 Kf6 46. g3 g5 47. hxg5+ Kxg5 48. f4+ exf4+ 49. gxf4+ Kg6 50. e5 Nb5 51. Nf3 Nc7 52. Nh4+ Kh7 53. Bf7 Kg7 54. Bxh5 Nd5+ 55. Kf3 Nd3 56. Nxf5+ Kf8 57. Ng3 N3xf4 58. Bg4 Ng6 59. Ke4 Nxe5 60. Kxe5 Ne3 61. Be6 Ke7 62. Ne4 Kd8 63. Kd6 Ke8 64. Ke5 Ke7 1/2-1/2


[Site "https://www.chess.com"]